 Dungeon Crawl Stone Soup version 0.27-a0-1185-ga233589e6f (webtiles) character file.

Game seed: 8207108866987887121

473 DasRunzen the Poker (level 6, -7/51 HPs)
             Began as a Demigod Gladiator on May 19, 2021.
             Mangled by a black bear (8 damage)
             ... on level 4 of the Dungeon.
             The game lasted 00:05:53 (4486 turns).

DasRunzen the Poker (Demigod Gladiator)             Turns: 4486, Time: 00:05:54

Health: -7/51      AC:  6    Str: 15    XL:     6   Next: 53%
Magic:  12/12      EV: 12    Int: 18    God:
Gold:   225        SH:  4    Dex: 15    Spells: 9/9 levels left

rFire    . . .     SeeInvis .   a - +1 trident
rCold    . . .     Faith    .   g - +0 buckler
rNeg     . . .     Spirit   .   b - +0 leather armour
rPois    .         Reflect  .   c - +1 helmet
rElec    .         Harm     .   (no cloak)
rCorr    .         Rampage  .   m - +0 pair of gloves
Will     .....                  (no boots)
Stlth    +.........             (no amulet)
HPRegen  0.17/turn              (no ring)
MPRegen  0.13/turn              (no ring)

@: no status effects
A: high mp 1, forlorn
a: no special abilities


You were on level 4 of the Dungeon.
You visited 1 branch of the dungeon, and saw 5 of its levels.

You collected 225 gold pieces.

Inventory:

Hand Weapons
 a - a +1 trident (weapon)
Missiles
 d - 5 throwing nets (quivered)
 h - 8 curare-tipped darts
Armour
 b - a +0 leather armour (worn)
 c - a +1 helmet (worn)
 g - a +0 buckler (worn)
 m - a +0 pair of gloves (worn)
Jewellery
 e - a +4 ring of protection
Wands
 n - a wand of paralysis (7)
 p - a wand of iceblast (6)
Scrolls
 j - 2 scrolls of amnesia
Potions
 f - 7 potions of curing
 i - a potion of heal wounds {unknown}
 k - a potion of flight {unknown}
 o - a potion of invisibility {unknown}


   Skills:
 + Level 3.1 Fighting
 + Level 3.7 Polearms
 - Level 1.7 Throwing
 + Level 2.5 Armour
 + Level 3.7 Dodging
 + Level 2.2 Shields
 + Level 2.1 Spellcasting


You had 9 spell levels left.
You didn't know any spells.
Your spell library was empty.

Dungeon Overview and Level Annotations

Branches:
Dungeon (5/15)
 Temple: D:4-7

Shops:
D:4 ((=?

Annotations:
D:3 2 runed translucent doors, freidrichen's ghost, amateur DsGl
D:4 2 transporters, brujo666's ghost, amateur HOFi


Innate Abilities, Weirdness & Mutations

Your attributes grow dramatically as you level up.
You have an increased reservoir of magic. (+10% MP)
You shall have no god before yourself.


Message History

The black bear claws you but does no damage.
You barely miss the black bear.
The black bear is severely wounded.
The black bear bites you. The black bear claws you.
The black bear claws you but does no damage.
You hit the black bear.
The black bear is almost dead.
The black bear closely misses you. The black bear misses you.
The black bear barely misses you. The black bear bites you.
* * * LOW HITPOINT WARNING * * *
You block the black bear's attack. The black bear misses you.
You hit the black bear.
The black bear is almost dead.
The black bear misses you. The black bear claws you.
* * * LOW HITPOINT WARNING * * *
The black bear barely misses you. The black bear bites you.
* * * LOW HITPOINT WARNING * * *
You block the black bear's attack. The black bear claws you.
* * * LOW HITPOINT WARNING * * *
You barely miss the black bear.
The black bear is almost dead.
The black bear misses you. You block the black bear's attack.
The black bear claws you but does no damage.
Unknown command.
You hit the black bear.
The black bear is almost dead.
The black bear closely misses you.
The black bear claws you but does no damage.
The black bear claws you.
* * * LOW HITPOINT WARNING * * *
You block the black bear's attack. The black bear barely misses you.
You block the black bear's attack.
You hit the black bear.
The black bear is almost dead.
The black bear closely misses you. The black bear claws you.
* * * LOW HITPOINT WARNING * * *
The black bear claws you.
* * * LOW HITPOINT WARNING * * *
The black bear bites you!
You die...

≈≈≈≈≈≈≈≈≈≈≈≈≈≈≈..........)#
≈≈≈≈≈≈≈≈≈≈≈≈≈≈≈..########.#
####.....####≈≈..########.#### ##
#gg#8###8#..#≈≈..............# #.
##.###.###.##≈≈..########..#.# #.
#...........#≈≈..#####...###'###.
###.##'##.###≈≈...)..#.#.#.....#.
..#.#...#.#..≈≈..###.....#..#..##
.##.'...'.##.≈≈.@# #..#..'.###.'.
.#g.# ..#.g#.≈≈h.####...##..#..#.
.##.# .##.≈≈..........#.....##
..#.#...#.#..≈≈.....#...####'####
.©#.g.©.'.#©.≈≈......#.## #)# #
..#.#8⌠8#.#..≈≈........# #.# #
.##.## #.##.≈≈.......######.# #
.#g.# #..#.≈≈...........Z..# #
.##.# .#.##.≈≈..#....###g#### #


You could see a black bear (berserk) and a gnoll.

Vanquished Creatures
  A necrophage (D:4)
  2 scorpions (D:4)
  A hound (D:4)
  A gnoll shaman (D:4)
  An orc priest (D:4)
  An orc wizard (D:4)
  4 gnolls
  3 adders
  2 adder skeletons (D:4)
  A dart slug (D:2)
  2 worms
  3 orcs (D:4)
  6 ball pythons
  2 bats
  4 endoplasms
  4 giant cockroaches
  15 goblins
  8 hobgoblins
  4 jackals (D:2)
  3 quokkas
  2 frilled lizards
  5 kobolds
  4 rats
79 creatures vanquished.

Vanquished Creatures (others)
  6 plants (D:4)
6 creatures vanquished.

Grand Total: 85 creatures vanquished

Notes
Turn   | Place    | Note
-------+----------+-------------------------------------------
     0 | D:1      | DasRunzen the Demigod Gladiator began the quest for the
                  | Orb.
     0 | D:1      | Reached XP level 1. HP: 17/17 MP: 3/3
   393 | D:1      | Reached XP level 2. HP: 19/24 MP: 5/5
   985 | D:2      | Reached skill level 1 in Armour
  1136 | D:2      | Reached XP level 3. HP: 22/29 MP: 6/6
  1460 | D:2      | Reached skill level 1 in Spellcasting
  2437 | D:3      | Found a large runed translucent door.
  2437 | D:3      | Found a large runed translucent door.
  2441 | D:3      | Noticed freidrichen's ghost (amateur DsGl)
  2575 | D:3      | Reached XP level 4. HP: 36/36 MP: 8/8
  2755 | D:4      | Found Fihuzogo's Antique Weapon Shop.
  2795 | D:4      | Reached skill level 1 in Shields
  3264 | D:4      | Reached XP level 5. HP: 34/42 MP: 8/10
  3333 | D:4      | Noticed a necrophage
  3355 | D:4      | Killed a necrophage
  3482 | D:4      | Found Goujon's Antique Weapon Boutique.
  3492 | D:4      | Reached XP level 6. HP: 40/50 MP: 11/11
  3596 | D:4      | Found a transporter.
  3596 | D:4      | Found a transporter.
  4016 | D:4      | Found Berigrag's Jewellery Emporium.
  4256 | D:4      | Found Byupel's Magic Scroll Shop.
  4381 | D:4      | Noticed brujo666's ghost (amateur HOFi)
  4465 | D:5      | Entered Level 5 of the Dungeon
  4486 | D:4      | HP: 2/51 [black bear (2)]
  4486 | D:4      | Mangled by a black bear

Illustrated notes

Levels and vault maps discovered:
D:1:      lightli_molten_gateway, layout_rooms,
          shapermc_ecumenical_altar_flowoftime
D:2:      layout_basic, basic_altar
D:3:      cheibrodos_greedy_goblins, layout_basic, ebering_ghost_disaster_area,
          kennysheep_crisscross
D:4:      layout_loops_ring, serial_shops, kennysheep_little_box,
          nicolae_shop_window_shopping, shop, nicolae_shop_behind_doors,
          gammafunk_ghost_gnarly_gnolls, kennysheep_generic_room_13
D:5:      cheibrodos_fzero, layout_gridville, temple_green, serial_shops,
          shop_statue, kennysheep_mini_moat, shop, shop, shop,
          uniq_blork_the_orc, uniq_ijyb

Skill      XL: |  1  2  3  4  5  6 |
---------------+-------------------+-----
Fighting       | 2 3 |  3.1
Armour         | 1 2 |  2.5
Dodging        | 3 |  3.7
Polearms       | 3 |  3.7
Spellcasting   | 1 2 |  2.1
Shields        | 1 2 |  2.2
Throwing       | |  1.7

Action                   |  1- 3 |  4- 6 || total
-------------------------+-------+-------++-------
Melee: Trident           |   183 |   161 ||   344
  Use: Scroll            |     5 |     3 ||     8
 Stab: Sleeping          |     1 |     2 ||     3
Armor: Leather armour    |    66 |    38 ||   104
Dodge: Dodged            |   111 |    80 ||   191
Block: Buckler           |    26 |    27 ||    53

Table legend: (Time is in decaauts)
 A = Elapsed time spent in this place.
 B = Non-inter-level travel time spent in this place.
 C = Inter-level travel time spent in this place.
 D = Time resting spent in this place.
 E = Time spent auto-exploring this place.
 F = Levels seen in this place.
 G = Mean time per level.
                   A        B        C        D        E       F      G
               +--------+--------+--------+--------+--------+-----+--------+
         Total |   4566 |   4451 |    115 |   1187 |   2585 |   5 |  913.2 |
       Dungeon |   4566 |   4451 |    115 |   1187 |   2585 |   5 |  913.2 |
               +--------+--------+--------+--------+--------+-----+--------+

Top non-repeatable levels by time:
     D:4: 1503 daAuts
     D:2: 1144 daAuts
     D:1: 980 daAuts
     D:3: 930 daAuts
     D:5: 7 daAuts
